 Dungeon Crawl Stone Soup version 0.30-a0-165-g1891117ce2 (webtiles) character file.

Game seed: 10913333079971175002

190 qw the Chopper (level 5, -1/33 HPs)
             Began as a Gargoyle Fighter on Sept 28, 2022.
             Killed from afar by Pikel (8 damage)
             ... with a puff of flame
             ... on level 4 of the Dungeon.
             The game lasted 00:01:20 (3652 turns).

qw the Chopper (Gargoyle Fighter)                   Turns: 3652, Time: 00:01:20

Health: -1/33      AC: 14    Str: 22    XL:     5   Next: 69%
Magic:  0/5        EV:  7    Int: 11    God:
Gold:   116        SH:  4    Dex:  9    Spells: 4/4 levels left

rFire   . . .      SeeInvis .    Y - +0 war axe
rCold   . . .      Faith    .    c - +0 buckler
rNeg    + . .      Spirit   +    i - +0 chain mail
rPois   inf        Reflect  .    k - +0 helmet {Int+3}
rElec   +          Harm     .    (no cloak)
rCorr   .          Rampage  .    (no gloves)
Will    .....                    (no boots)
Stlth   ..........               l - amulet of guardian spirit
HPRegen 0.11/turn                o - ring "Cifrypumo" {Fly Slay+2}
MPRegen 0.09/turn                (no ring)

@: flying
A: sickness immunity, AC +4, negative energy resistance 1, electricity
resistance, torment resistance 1, petrification resistance
a: no special abilities


You were on level 4 of the Dungeon.
You visited 1 branch of the dungeon, and saw 4 of its levels.

You collected 116 gold pieces.


Innate Abilities, Weirdness & Mutations

You are immune to sickness and miasma.
Your stone body is resilient. (AC +4)
You are immune to poison.
You resist negative energy. (rN+)
You are resistant to electric shocks. (rElec)
You are resistant to unholy torment.
You are immune to petrification.


   Skills:
 + Level 3.7 Fighting
 - Level 5.0 Axes
 - Level 3.2 Armour
 - Level 3.2 Shields


You had 4 spell levels left.
You didn't know any spells.
Your spell library was empty.

Inventory:

Hand Weapons
 a - a +0 morningstar
 Y - a +0 war axe (weapon)
Armour
 c - a +0 buckler (worn)
 i - a +0 chain mail (worn)
 k - a +0 helmet of intelligence (worn)
Jewellery
 l - an amulet of guardian spirit (around neck)
 o - the ring "Cifrypumo" (left hand) {Fly Slay+2}
   (You found it on level 2 of the Dungeon)

   [ring of flight]

   Slay:      It affects your accuracy & damage with ranged weapons and melee
   (+2).
   Fly:       It grants you flight.
Scrolls
 f - 2 scrolls of identify
Potions
 d - a potion of might
 e - a potion of curing
 h - a potion of cancellation
 j - a potion of haste
 m - a potion of attraction

Dungeon Overview and Level Annotations

Branches:
Dungeon (4/15)
 Temple: D:4-7

Altars:
Hepliaklqana
Trog

Annotations:
D:4 Pikel


Message History

You start resting.
HP restored.
Done exploring.
(D) Dungeon
Where to? (* - list waypoints, Enter - D:4, ? - help)
What level of the Dungeon? (default 1, ? - help)
You fly downwards.
Level annotation: Pikel
There is a stone staircase leading up here.
Pikel is nearby!
Pikel zaps a wand.
The puff of flame hits you but does no damage.
You closely miss Pikel. Pikel hits you but does no damage.
You hit Pikel but do no damage. You block Pikel's attack.
Pikel hits you with a +2 whip of electrocution!
You hit Pikel.
Pikel is lightly wounded.
Pikel barely misses you.
You hit Pikel but do no damage.
Pikel is lightly wounded.
Pikel hits you with a +2 whip of electrocution!
You closely miss Pikel.
Pikel is lightly wounded.
Pikel hits you but does no damage. You block Pikel's attack.
You closely miss Pikel.
Pikel is lightly wounded.
Pikel hits you but does no damage.
You barely miss Pikel.
Pikel is lightly wounded.
Pikel hits you with a +2 whip of electrocution.
You closely miss Pikel.
Pikel is lightly wounded.
Pikel hits you with a +2 whip of electrocution!
Pikel hits you with a +2 whip of electrocution.
You barely miss Pikel.
Pikel is lightly wounded.
Pikel zaps a wand.
The puff of flame hits you!
You die...

##### ..
#....#####.##
#............
#........... .
#........# .#
#........#..#
#...........##
#.....<......#
#..K@........#
#....###......#
#.... ......#
#.... .......
#.... .......
##'#. .......
#.## ##..... ..


You could see Pikel.

Vanquished Creatures
  4 lemures (D:3)
  An orc priest (D:3)
  An orc wizard (D:3)
  Robin (D:2)
  3 adders
  A worm (D:2)
  8 orcs (D:3)
  7 ball pythons
  4 endoplasms
  3 giant cockroaches
  12 goblins
  7 hobgoblins
  4 jackals (D:1)
  6 kobolds
  8 quokkas
  6 bats
  5 rats
81 creatures vanquished.

Notes
Turn   | Place    | Note
-------+----------+-------------------------------------------
     0 | D:1      | qw the Gargoyle Fighter began the quest for the Orb.
     0 | D:1      | Reached XP level 1. HP: 14/14 MP: 1/1
     0 | D:1      | 0 ||| qw: Version: 0.2-a-12-gaebbb33
     0 | D:1      | 0 ||| qw: Game counter: 779
     0 | D:1      | 0 ||| qw: Always use a shield: true
     0 | D:1      | 0 ||| qw: God list: Okawaru
     0 | D:1      | 0 ||| qw: Allow faded altars: false
     0 | D:1      | 0 ||| qw: Do Orc after D:15 true
     0 | D:1      | 0 ||| qw: Do second Lair branch before Depths: true
     0 | D:1      | 0 ||| qw: Lair rune preference: random
     0 | D:1      | 0 ||| qw: Plans: Normal, Zot:1-4, God:TSO, Crypt, Tomb,
                  | Pan, Slime:5, Hells, Abyss, Orb
     0 | D:1      | 0 ||| PLANNING D:1-11
    15 | D:1      | Reached skill level 2 in Axes
    36 | D:1      | Reached XP level 2. HP: 13/19 MP: 2/2
   220 | D:1      | Found a faded altar of an unknown god.
   270 | D:1      | 270 ||| DROPPING +0 club.
   282 | D:1      | 282 ||| Stepping ~*~*~tactically~*~*~ (stealth).
   616 | D:1      | Reached skill level 3 in Axes
   817 | D:1      | 817 ||| UPGRADING to amulet of guardian spirit.
   822 | D:1      | 822 ||| READING scroll labelled RIRREUL SEWKEG.
   823 | D:1      | 823 ||| READING scroll labelled YPYL NOLIE.
   827 | D:1      | 827 ||| READING scroll labelled GOEF MYXTIESK.
   828 | D:1      | 828 ||| READING scroll labelled TUMPAW OPINASM.
   829 | D:1      | 829 ||| READING scroll labelled REIQOOD BACOC.
   830 | D:1      | 830 ||| DRINKING 2 murky coppery potions.
   831 | D:1      | 831 ||| DRINKING 2 amethyst potions.
   832 | D:1      | 832 ||| DROPPING potion of degeneration.
   850 | D:2      | 850 ||| STAIRDANCE
   860 | D:2      | Reached XP level 3. HP: 23/23 MP: 3/3
   877 | D:2      | 877 ||| Stepping ~*~*~tactically~*~*~ (stealth).
   996 | D:2      | Found a hazy altar of Hepliaklqana.
  1158 | D:2      | Reached XP level 4. HP: 27/28 MP: 4/4
  1410 | D:2      | Reached skill level 4 in Axes
  1413 | D:2      | 1413 ||| Stepping ~*~*~tactically~*~*~ (stealth).
  1414 | D:2      | Noticed Robin
  1415 | D:2      | 1415 ||| Stepping ~*~*~tactically~*~*~ (hiding).
  1429 | D:2      | Killed Robin
  1831 | D:2      | Identified the ring "Cifrypumo" {Fly Slay+2}
  1915 | D:2      | 1915 ||| DROPPING orb of wrath.
  1916 | D:2      | 1916 ||| UPGRADING to +0 helmet of intelligence.
  1921 | D:2      | 1921 ||| UPGRADING to ring "Cifrypumo" {Fly Slay+2}.
  1922 | D:2      | 1922 ||| READING 2 scrolls labelled QUPHAHUCIW.
  1972 | D:2      | 1972 ||| READING 4 scrolls labelled ZEKKOEMNOMP.
  1973 | D:2      | 1973 ||| READING 3 scrolls of identify.
  1973 | D:2      | 1973 ||| IDENTIFYING metallic blue potion
  1974 | D:2      | 1974 ||| READING 2 scrolls of identify.
  1974 | D:2      | 1974 ||| IDENTIFYING glowing pink potion
  1975 | D:2      | 1975 ||| DROPPING scroll of torment.
  2026 | D:3      | 2026 ||| Stepping ~*~*~tactically~*~*~ (hiding).
  2027 | D:3      | 2027 ||| Stepping ~*~*~tactically~*~*~ (stealth).
  2031 | D:3      | 2031 ||| DRINKING 2 potions of curing.
  2031 | D:3      | 2031 ||| (to cure confusion)
  2034 | D:3      | 2034 ||| FLEEEEING.
  2035 | D:3      | 2035 ||| FLEEEEING.
  2036 | D:3      | 2036 ||| FLEEEEING.
  2037 | D:3      | 2037 ||| FLEEEEING.
  2038 | D:3      | 2038 ||| FLEEEEING.
  2039 | D:3      | 2039 ||| FLEEEEING.
  2040 | D:3      | 2040 ||| FLEEEEING.
  2041 | D:3      | 2041 ||| FLEEEEING.
  2042 | D:3      | 2042 ||| FLEEEEING.
  2043 | D:3      | 2043 ||| DRINKING potion of curing.
  2043 | D:3      | 2043 ||| (to cure confusion)
  2044 | D:3      | 2044 ||| FLEEEEING.
  2045 | D:3      | 2045 ||| FLEEEEING.
  2049 | D:3      | 2049 ||| STAIRDANCE
  2108 | D:3      | Reached XP level 5. HP: 22/32 MP: 3/5
  2136 | D:3      | 2136 ||| FLEEEEING.
  2137 | D:3      | 2137 ||| FLEEEEING.
  2138 | D:3      | 2138 ||| STAIRDANCE
  2208 | D:3      | 2208 ||| DROPPING +0 whip.
  2282 | D:3      | 2282 ||| Stepping ~*~*~tactically~*~*~ (stealth).
  2386 | D:3      | 2386 ||| Stepping ~*~*~tactically~*~*~ (stealth).
  2387 | D:3      | 2387 ||| Stepping ~*~*~tactically~*~*~ (stealth).
  2388 | D:3      | 2388 ||| Stepping ~*~*~tactically~*~*~ (stealth).
  2401 | D:3      | 2401 ||| Stepping ~*~*~tactically~*~*~ (stealth).
  2411 | D:3      | Reached skill level 5 in Axes
  2736 | D:3      | 2736 ||| Stepping ~*~*~tactically~*~*~ (stealth).
  3058 | D:3      | Found a bloodstained altar of Trog.
  3095 | D:3      | 3095 ||| UPGRADING to +0 chain mail.
  3105 | D:3      | 3105 ||| DROPPING +0 scale mail.
  3106 | D:3      | 3106 ||| READING scroll labelled AMOYKY JEADEO.
  3107 | D:3      | 3107 ||| READING scroll labelled WUCOPNESENN.
  3108 | D:3      | 3108 ||| READING 3 scrolls of identify.
  3108 | D:3      | 3108 ||| IDENTIFYING smoky dark potion
  3133 | D:4      | Noticed a lemure
  3134 | D:4      | Noticed a lemure
  3137 | D:4      | 3137 ||| STAIRDANCE
  3137 | D:4      | Noticed a lemure
  3137 | D:4      | Noticed a lemure
  3146 | D:3      | HP: 8/33 [lemure[Pikel] (5)]
  3149 | D:3      | HP: 3/33 [lemure[Pikel] (3)]
  3151 | D:3      | Killed a lemure
  3421 | D:4      | 3421 ||| STAIRDANCE
  3427 | D:3      | Killed a lemure
  3429 | D:4      | Noticed Pikel
  3430 | D:4      | 3430 ||| STAIRDANCE
  3438 | D:3      | Killed a lemure
  3443 | D:3      | Killed a lemure
  3651 | D:4      | HP: 8/33 [Pikel/+2 whip of electrocution (7)]
  3652 | D:4      | Killed from afar by Pikel

Levels and vault maps discovered:
D:1:      heliophobic_arrival_ceremonial_halls, layout_rooms,
          ebering_ecumenical_altar_webs
D:2:      layout_loops_ring, basic_altar, minmay_misc_feat_five,
          corner_web_ring, chequers_serial_rivers_micro_b, st_stairs_1,
          uniq_robin
D:3:      layout_loops_ring, trog_butcher_becter
D:4:      layout_basic, mainiacjoe_overflow_paths, minivault_4,
          nicolae_shop_fire_sale [nicolae_sub_dead_trees],
          nicolae_take_the_stairs, minmay_a_box_with_orc_wizards_in_it,
          uniq_edmund, uniq_pikel

Skill      XL: |  1  2  3  4  5 |
---------------+----------------+-----
Axes           | 2 3 4 5 |  5.0
Fighting       | |  3.7
Armour         | |  3.2
Shields        | |  3.2

Action                   |  1- 3 |  4- 6 || total
-------------------------+-------+-------++-------
Melee: War axe           |    96 |   145 ||   241
Throw: Boomerang         |       |    12 ||    12
  Use: Scroll            |     5 |     7 ||    12
       Potion            |     2 |     2 ||     4
Armor: Scale mail        |    40 |    49 ||    89
       Chain mail        |       |    25 ||    25
Dodge: Dodged            |    49 |    49 ||    98
Block: Buckler           |    20 |    29 ||    49

Table legend:
 A = Non-vault XP
 B = Vault XP
 C = Vault XP percentage of total XP
 D = Non-vault monster count
 E = Vault monster count
 F = Vault count percentage of total count
                 A         B        C        D         E       F
            +---------+---------+-------+---------+---------+-------
      Total |     233 |      39 |  14.3 |      64 |      13 |  16.9
            +---------+---------+-------+---------+---------+-------
        D:1 |      33 |       0 |   0.0 |      18 |       0 |   0.0
        D:2 |      62 |      31 |  33.3 |      21 |       9 |  30.0
        D:3 |     138 |       8 |   5.5 |      25 |       4 |  13.8
            +---------+---------+-------+---------+---------+-------
